 Dungeon Crawl Stone Soup version 0.31-a0-221-gbddc013574 (webtiles) character file.

Game seed: 5017846197697016323

385 qw the Chopper (level 6, -19/38 HPs)
             Began as a Gargoyle Fighter on July 4, 2023.
             Was an Initiate of Okawaru.
             Demolished by an ogre
             ... wielding a +0 giant spiked club
              (28 damage)
             ... on level 5 of the Dungeon.
             The game lasted 00:01:54 (3836 turns).

qw the Chopper (Gargoyle Fighter)                   Turns: 3836, Time: 00:01:54

Health: -19/38     AC: 13    Str: 21    XL:     6   Next: 77%
Magic:  6/6        EV:  9    Int:  9    God:    Okawaru [......]
Gold:   138        SH:  4    Dex:  9    Spells: 5/5 levels left

rFire   . . .        Y - +1 war axe (chaos)
rCold   . . .        c - +0 buckler
rNeg    + . .        b - +0 scale mail
rPois   inf          f - +0 helmet
rElec   +            (no cloak)
rCorr   .            k - +0 pair of gloves
SInv    .            (no boots)
Will    .....        (no amulet) Stlth
                     (no ring)
HPRegen 0.26/turn    (no ring)
MPRegen 0.10/turn

%: no passive effects
@: about to teleport
A: sickness immunity, AC +4, negative energy resistance 1, electricity
resistance, torment resistance 1, petrification resistance
a: Renounce Religion


You were on level 5 of the Dungeon.
You worshipped Okawaru.
Okawaru was noncommittal.
You visited 1 branch of the dungeon, and saw 5 of its levels.

You collected 162 gold pieces.
You spent 24 gold pieces at shops.


Innate Abilities, Weirdness & Mutations

You are immune to sickness and miasma.
Your stone body is resilient. (AC +4)
You are immune to poison.
You resist negative energy. (rN+)
You are resistant to electric shocks. (rElec)
You are resistant to unholy torment.
You are immune to petrification.


   Skills:
 - Level 4.1 Fighting
 + Level 5.7 Axes
 - Level 3.2 Armour
 - Level 1.3 Dodging
 - Level 3.2 Shields


You had 5 spell levels left.
You didn't know any spells.
Your spell library was empty.

Inventory:

Hand Weapons
 e - a +0 flail
 h - a +0 hand axe
 Y - a +1 war axe of chaos (weapon)
Armour
 b - a +0 scale mail (worn)
 c - a +0 buckler (worn)
 f - a +0 helmet (worn)
 k - a +0 pair of gloves (worn)
Scrolls
 a - 4 scrolls of identify
Potions
 d - a potion of might
 g - a potion of magic
 j - a potion of mutation

Dungeon Overview and Level Annotations

Branches:
Dungeon (5/15)
 Temple: D:4-7

Altars:
Ashenzari
Cheibriados
Okawaru
Yredelemnul

Shops:
D:2 ?


Message History

You climb downwards.
Menkaure shouts!
The ogre shouts!
You hear a shout! x2
Found a robe, a scroll of fear and a scroll of teleportation.
Found a stone staircase leading up.
There is a stone staircase leading up here.
There are monsters nearby!
Waypoint 4 assigned to D:5.
Menkaure draws the symbol "Udjat" in the dust.
Menkaure calls on the powers of darkness!
Your body is wracked with pain!
The ogre convulses!
Menkaure hits you but does no damage.
You slash Menkaure! You burn Menkaure.
Menkaure is severely damaged.
Menkaure hits you.
You slash Menkaure!
You destroy Menkaure!
Okawaru is honoured by your kill.
You hit the ogre.
An ufetubus comes into view.
You block the ogre's attack.
The ufetubus shouts!
You hit the ogre but do no damage.
The ogre seems to grow stronger.
The ogre is heavily wounded.
You slash the phantom! The phantom closely misses you.
An ogre comes into view. It is wielding a +0 giant club.
The ogre hits you with a +0 giant spiked club!!
Ouch! That really hurt!
3835 ||| READING scroll of teleportation.
As you read the scroll of teleportation, it crumbles to dust.
You feel strangely unstable.
The phantom hits you but does no damage.
You barely miss the ogre.
The ogre is heavily wounded.
You hit the phantom. You burn the phantom.
You hit the ufetubus but do no damage. You block the ufetubus's attack.
The ufetubus barely misses you.
The ogre hits you with a +0 giant spiked club!!
Ouch! That really hurt!
You die...

.. #. .. #. ## #.
.... .
##.######...#
....#.....<[..#
....O.5@......#
###.#..OW.....#
#..?.........
................
..##.........####
.. ?..<.......# #
#.#######..## #.
#.#


You could see 2 ogres, a phantom and an ufetubus.

Vanquished Creatures
  Menkaure (D:5)
  Natasha (thrice) (D:4)
  An orc wizard (D:3)
  6 adders
  3 worms
  A dart slug (D:4)
  6 orcs (D:3)
  7 ball pythons
  6 bats
  6 endoplasms
  3 giant cockroaches (D:4)
  8 goblins
  10 hobgoblins
  11 jackals
  5 quokkas
  3 frilled lizards
  4 kobolds (D:1)
  6 rats
90 creatures vanquished.

Vanquished Creatures (collateral kills)
  An endoplasm (D:4)
1 creature vanquished.

Vanquished Creatures (others)
  A hobgoblin zombie (D:4)
1 creature vanquished.

Grand Total: 92 creatures vanquished

Notes
Turn   | Place    | Note
-------+----------+-------------------------------------------
     0 | D:1      | qw the Gargoyle Fighter began the quest for the Orb.
     0 | D:1      | Reached XP level 1. HP: 14/14 MP: 1/1
     0 | D:1      | 0 ||| qw: Version: 0.3-a-41-g9d075ac
     0 | D:1      | 0 ||| qw: Game counter: 739
     0 | D:1      | 0 ||| qw: Melee chars always use a shield: true
     0 | D:1      | 0 ||| qw: God list: Okawaru
     0 | D:1      | 0 ||| qw: Allow faded altars: false
     0 | D:1      | 0 ||| qw: Do Orc after clearing Dungeon:15 true
     0 | D:1      | 0 ||| qw: Do second Lair branch before Depths: true
     0 | D:1      | 0 ||| qw: Lair rune preference: random
     0 | D:1      | 0 ||| qw: Goals: Normal, Zot:1-4, Slime:5, God:TSO, Crypt,
                  | Tomb, Abyss, Pan, Hells, Win
     0 | D:1      | 0 ||| PLANNING D:1-11
    74 | D:1      | Reached skill level 2 in Axes
    85 | D:1      | Found a faded altar of an unknown god.
   121 | D:1      | Reached XP level 2. HP: 16/19 MP: 2/2
   532 | D:1      | Reached skill level 3 in Axes
   808 | D:1      | 808 ||| READING scroll labelled DOD AXUGIPS.
   809 | D:1      | 809 ||| READING scroll labelled JEHESTROCYPT.
   810 | D:1      | 810 ||| READING scroll labelled SYDUYL IHITT.
   856 | D:2      | Reached XP level 3. HP: 23/23 MP: 3/3
   955 | D:2      | 955 ||| Stepping ~*~*~tactically~*~*~ (stealth).
  1070 | D:2      | 1070 ||| Stepping ~*~*~tactically~*~*~ (hiding).
  1071 | D:2      | 1071 ||| Stepping ~*~*~tactically~*~*~ (hiding).
  1213 | D:2      | 1213 ||| Stepping ~*~*~tactically~*~*~ (stealth).
  1217 | D:2      | 1217 ||| Stepping ~*~*~tactically~*~*~ (stealth).
  1218 | D:2      | 1218 ||| Stepping ~*~*~tactically~*~*~ (stealth).
  1267 | D:2      | Found The Oracle's Delphic Readings.
  1271 | D:2      | 1271 ||| SHOPLISTING scroll of enchant armour (90 gold,
                  | have 34).
  1271 | D:2      | 1271 ||| BUYING scroll of identify (24 gold).
  1271 | D:2      | Bought a scroll of identify for 24 gold pieces
  1271 | D:2      | 1271 ||| SHOPLISTING scroll of teleportation (36 gold, have
                  | 10).
  1327 | D:2      | Reached XP level 4. HP: 24/28 MP: 4/4
  1460 | D:2      | Reached skill level 4 in Axes
  1851 | D:2      | 1851 ||| READING scroll labelled VYIT GEQORYV.
  1856 | D:2      | 1856 ||| READING scroll labelled NIHERU NOUW.
  1872 | D:3      | 1872 ||| PLANNING SEWER
  2222 | D:3      | 2222 ||| DROPPING +0 whip.
  2311 | D:3      | Reached XP level 5. HP: 28/32 MP: 5/5
  2616 | D:3      | 2616 ||| RIP SEWER
  2617 | D:3      | 2617 ||| PLANNING D:1-11
  2851 | D:3      | 2851 ||| UPGRADING to +0 helmet.
  2856 | D:3      | 2856 ||| READING 8 scrolls of identify.
  2856 | D:3      | 2856 ||| IDENTIFYING bubbling puce potion
  2857 | D:3      | 2857 ||| READING 7 scrolls of identify.
  2857 | D:3      | 2857 ||| IDENTIFYING dark potion
  2858 | D:3      | 2858 ||| READING 6 scrolls of identify.
  2858 | D:3      | 2858 ||| IDENTIFYING lumpy ruby potion
  2859 | D:3      | 2859 ||| DROPPING potion of berserk rage.
  2883 | D:4      | Found a basalt altar of Yredelemnul.
  2901 | D:4      | 2901 ||| Stepping ~*~*~tactically~*~*~ (stealth).
  2903 | D:4      | 2903 ||| Stepping ~*~*~tactically~*~*~ (stealth).
  2904 | D:4      | 2904 ||| Stepping ~*~*~tactically~*~*~ (stealth).
  2928 | D:4      | Reached skill level 5 in Axes
  2997 | D:4      | Noticed Natasha
  3003 | D:4      | Killed Natasha
  3021 | D:4      | 3021 ||| FLEEEEING.
  3022 | D:4      | 3022 ||| STAIRDANCE
  3041 | D:4      | 3041 ||| Stepping ~*~*~tactically~*~*~ (hiding).
  3042 | D:4      | 3042 ||| Stepping ~*~*~tactically~*~*~ (hiding).
  3060 | D:4      | Noticed Natasha
  3063 | D:4      | 3063 ||| STAIRDANCE
  3176 | D:4      | Killed Natasha
  3291 | D:4      | Found a snail-covered altar of Cheibriados.
  3427 | D:4      | Reached XP level 6. HP: 38/38 MP: 6/6
  3518 | D:4      | Noticed Natasha
  3527 | D:4      | Killed Natasha
  3528 | D:4      | Reached skill level 1 in Dodging
  3625 | D:4      | Found a broken altar of Ashenzari.
  3755 | D:4      | Found an iron altar of Okawaru.
  3756 | D:4      | 3756 ||| PLANNING OKAWARU WORSHIP
  3756 | D:4      | 3756 ||| UPGRADING to +0 pair of gloves.
  3761 | D:4      | 3761 ||| READING scroll labelled MEIRUL TIXIAM.
  3762 | D:4      | 3762 ||| READING 5 scrolls of identify.
  3762 | D:4      | 3762 ||| IDENTIFYING purple potion
  3763 | D:4      | 3763 ||| DROPPING potion of degeneration.
  3778 | D:4      | Became a worshipper of Warmaster Okawaru
  3779 | D:4      | 3779 ||| PLANNING D:1-11
  3828 | D:5      | Entered Level 5 of the Dungeon
  3828 | D:5      | Noticed Menkaure
  3833 | D:5      | Killed Menkaure
  3834 | D:5      | HP: 8/38 [ogre/+0 giant spiked club (19)]
  3835 | D:5      | 3835 ||| READING scroll of teleportation.
  3836 | D:5      | Demolished by an ogre

Levels and vault maps discovered:
D:1:      ncdulo_smallfort, layout_loops_ring, basic_ecumenical_altar,
          dk_noncrumbling_4
D:2:      layout_basic, nicolae_nh_oracle_at_delphi
D:3:      layout_loops_corners, portal_sewer_entry_d
D:4:      layout_basic, mainiacjoe_overflow_alcove_4,
          mainiacjoe_overflow_brackets, lemuel_doored_altar,
          mainiacjoe_overflow_paths, uniq_natasha
D:5:      layout_rooms, fedhas_altar_4, grunt_temple_overflow_open,
          guppyfry_early_lair_pool, uniq_menkaure, uniq_sigmund

Skill      XL: |  1  2  3  4  5  6 |
---------------+-------------------+-----
Axes           | 2 3 4 5 |  5.7
Fighting       | 4 |  4.1
Dodging        | 1 |  1.3
Armour         | |  3.2
Shields        | |  3.2

Action                     |  1- 3 |  4- 6 || total
---------------------------+-------+-------++-------
  Melee: War axe           |   127 |   151 ||   278
    Use: Scroll            |     3 |     8 ||    11
   Stab: Paralysed         |       |     1 ||     1
 Armour: Scale mail        |    63 |    66 ||   129
  Dodge: Dodged            |    62 |    60 ||   122
  Block: Buckler           |    16 |    23 ||    39

Table legend:
 A = Non-vault XP
 B = Vault XP
 C = Vault XP percentage of total XP
 D = Non-vault monster count
 E = Vault monster count
 F = Vault count percentage of total count
                 A         B        C        D         E       F
            +---------+---------+-------+---------+---------+-------
      Total |     328 |     223 |  40.5 |      86 |       5 |   5.5
            +---------+---------+-------+---------+---------+-------
        D:1 |      31 |       0 |   0.0 |      18 |       0 |   0.0
        D:2 |      67 |       3 |   4.3 |      25 |       2 |   7.4
        D:3 |     100 |      13 |  11.5 |      25 |       1 |   3.8
        D:4 |     130 |      35 |  21.2 |      18 |       1 |   5.3
        D:5 |       0 |     172 | 100.0 |       0 |       1 | 100.0
            +---------+---------+-------+---------+---------+-------
